 Dungeon Crawl Stone Soup version 0.24-a0-447-ge8da9206dc (webtiles) character file.

Game seed: 10857772823810805498

3290 KristoblXynda the Carver (level 9, -5/71 HPs)
             Began as a Green Draconian Gladiator on June 25, 2019.
             Was a Believer of Hepliaklqana.
             Slain by a centaur
             ... wielding a +0 falchion of flaming
              (7 damage)
             ... on level 8 of the Dungeon.
             The game lasted 00:14:08 (8026 turns).

KristoblXynda the Carver (DrGl)                     Turns: 8026, Time: 00:14:09

Health: -5/71      AC: 13    Str: 18    XL:     9   Next: 69%
Magic:  12/12      EV: 15    Int: 15    God:    Hepliaklqana [**....]
Gold:   231        SH:  0    Dex: 12    Spells: 8/8 levels left

rFire    . . .     SeeInvis .   C - +3 long sword (distort)
rCold    . . .     Gourm    .   (no shield)
rNeg     . . .     Faith    .   (armour unavailable)
rPois    +         Spirit   .   b - +1 hat
rElec    .         Reflect  .   t - +0 cloak
rCorr    .         Harm     .   f - +1 pair of gloves
MR       .....                  (no boots)
Stlth    +.........             (no amulet)
HPRegen  0.21/turn              q - +4 ring of intelligence
MPRegen  0.13/turn              p - +2 ring of protection

@: no status effects
A: breathe noxious fumes, unfitting armour, reduced essence, poison resistance,
cold-blooded, AC +7
a: Breathe Noxious Fumes, Ancestor Life: Knight, Ancestor Life: Battlemage,
Ancestor Life: Hexer, Recall Ancestor, Ancestor Identity, Renounce Religion


You were on level 8 of the Dungeon.
You worshipped Hepliaklqana.
Hepliaklqana was pleased with you.
You were not hungry.

You visited 2 branches of the dungeon, and saw 9 of its levels.

You collected 359 gold pieces.
You spent 128 gold pieces at shops.

Inventory:

Hand Weapons
 C - a +3 long sword of distortion (weapon)
Missiles
 c - 3 throwing nets (quivered)
Armour
 b - a +1 hat (worn)
 f - a +1 pair of gloves (worn)
 t - a +0 cloak (worn)
Magical Staves
 A - an uncursed staff of wizardry
Jewellery
 h - an uncursed ring of resist corrosion
 k - an uncursed ring of protection from magic
 n - an uncursed ring of stealth
 p - a +2 ring of protection (right hand)
 q - a +4 ring of intelligence (left hand)
Wands
 y - a wand of iceblast (8)
Scrolls
 s - 2 scrolls of amnesia
 v - 3 scrolls of remove curse
 w - 3 scrolls of teleportation
Potions
 i - a potion of curing
 j - 3 potions of flight
 m - 3 potions of agility
 o - a potion of ambrosia
 r - a potion of brilliance
 u - a potion of heal wounds {unknown}
 x - 3 potions of might
 z - a potion of haste {unknown}
Comestibles
 d - 19 rations


   Skills:
 + Level 7.4 Fighting
 * Level 9.7 Long Blades
 - Level 2.0 Throwing
 + Level 6.5 Dodging
 + Level 4.4 Invocations


You had 8 spell levels left.
You didn't know any spells.
Your spell library was empty.

Dungeon Overview and Level Annotations

Branches:
Dungeon (8/15)             Temple (1/1) D:6            Lair (0/6) D:8

Altars:
Ashenzari
Cheibriados
Dithmenos
Elyvilon
Fedhas
Gozag
Hepliaklqana
Kikubaaqudgha
Makhleb
Nemelex Xobeh
Okawaru
Qazlal
Ru
Sif Muna
Trog
Uskayaw
Vehumet
Wu Jian
Xom
Yredelemnul
Zin
The Shining One

Shops:
D:8 (}(:[


Innate Abilities, Weirdness & Mutations

You can breathe blasts of noxious fumes.
Your lurid green scales are hard. (AC +7)
You cannot fit into any form of body armour.
Your system is resistant to poisons. (rPois)
You are cold-blooded and may be slowed by cold attacks.
Your life essence is reduced to manifest your ancestor. (-10% HP)


Message History

The centaur shoots an arrow.
The arrow hits Servia.
Servia hits the centaur.
The centaur shoots an arrow.
The arrow hits you!
* * * LOW HITPOINT WARNING * * *
The centaur shoots an arrow.
The arrow hits you but does no damage.
Servia hits the centaur.
You see here 2 arrows.
The centaur unwields a +0 shortbow.
The centaur wields a +0 falchion of flaming.
It bursts into flame!
The centaur hits you with a +0 falchion of flaming.
* * * LOW HITPOINT WARNING * * *
The centaur burns you.
* * * LOW HITPOINT WARNING * * *
Servia hits the centaur.
You barely miss the centaur.
The centaur is severely wounded.
The centaur hits you with a +0 falchion of flaming!
* * * LOW HITPOINT WARNING * * *
The centaur burns you!
You die...

## #...# .### #..#
...###..# #.∩.#...#
#.......## #### ...##....#
#..# .
.#####...######..#######..#
# ##....##.......(....#
#.....(.((@(.(....#
######...cR.....###
###...###### #..## #[## #.#
#.# #.#


You could see the friendly Servia the ancestor and a centaur.

Vanquished Creatures
  A two-headed ogre (D:8)
  A wyvern (D:8)
  A hungry ghost (D:7)
  A phantom (D:5)
  4 ogres
  2 centaurs
  A scorpion (D:5)
  3 howler monkeys
  A centaur zombie (D:6)
  2 crimson imps (D:6)
  2 hounds
  2 jellies
  7 orc priests
  3 iguanas
  6 orc wizards
  4 worker ants
  A hound zombie (D:8)
  6 adders
  3 gnolls (D:8)
  5 river rats (D:6)
  2 shadow imps
  An ooze (D:1)
  An adder skeleton (D:4)
  An adder zombie (D:5)
  2 worms (D:2)
  A dart slug (D:2)
  4 leopard geckos
  24 orcs
  6 giant cockroaches
  7 hobgoblins
  4 jackals (D:6)
  6 kobolds
  2 quokkas
  A ball python (D:7)
  4 bats
  2 frilled lizards (D:1)
  6 goblins
  3 leopard gecko skeletons
  A quokka skeleton (D:6)
  27 rats
161 creatures vanquished.

Vanquished Creatures (collateral kills)
  A spriggan (D:7)
  An ogre (D:6)
  A centaur (D:8)
  A scorpion (D:6)
  A water moccasin skeleton (D:6)
  An orc priest (D:7)
  A hound (D:8)
  An orc wizard (D:8)
  A bullfrog skeleton (D:7)
  A killer bee zombie (D:8)
  A gnoll (D:8)
  An adder (D:7)
  A leopard gecko (D:6)
  2 orcs (D:7)
  2 jackals (D:6)
17 creatures vanquished.

Grand Total: 178 creatures vanquished

Notes
Turn   | Place    | Note
-------+----------+-------------------------------------------
     0 | D:1      | KristoblXynda the Draconian Gladiator began the quest for
                  | the Orb.
     0 | D:1      | Reached XP level 1. HP: 17/17 MP: 1/1
   275 | D:1      | Reached XP level 2. HP: 25/25 MP: 2/2
   887 | D:2      | Reached XP level 3. HP: 19/30 MP: 3/3
  1302 | D:2      | Reached skill level 4 in Long Blades
  1539 | D:2      | Reached XP level 4. HP: 37/37 MP: 4/4
  1716 | D:3      | Found a shimmering altar of Xom.
  1725 | D:3      | Found an ornate altar of the Wu Jian Council.
  2391 | D:4      | Noticed an ogre
  2404 | D:4      | Killed an ogre
  2404 | D:4      | Reached XP level 5. HP: 32/46 MP: 5/5
  2661 | D:4      | Found a shadowy altar of Dithmenos.
  2713 | D:4      | Reached skill level 5 in Long Blades
  3038 | D:3      | Reached XP level 6. HP: 39/52 MP: 6/6
  3469 | D:5      | Entered Level 5 of the Dungeon
  4005 | D:5      | Reached skill level 6 in Long Blades
  4005 | D:5      | Your scales start taking on a lurid green colour.
  4005 | D:5      | Reached XP level 7. HP: 50/60 MP: 7/7
  4005 | D:5      | Gained mutation: Your system is resistant to poisons.
                  | (rPois) [Green Draconian growth]
  4525 | D:5      | Reached skill level 5 in Fighting
  4731 | D:6      | Reached skill level 7 in Long Blades
  4806 | D:6      | Reached skill level 5 in Dodging
  4806 | D:6      | Reached XP level 8. HP: 52/69 MP: 8/8
  5131 | D:6      | Found a staircase to the Ecumenical Temple.
  5176 | Temple   | Entered the Ecumenical Temple
  5364 | Temple   | Became a worshipper of Hepliaklqana the Forgotten
  5497 | D:6      | Reached skill level 1 in Invocations
  5673 | D:6      | Reached skill level 8 in Long Blades
  6164 | D:7      | Reached * piety under Hepliaklqana
  6432 | D:7      | Reached XP level 9. HP: 55/70 MP: 11/11
  7032 | D:7      | Reached ** piety under Hepliaklqana
  7171 | D:7      | Found a snail-covered altar of Cheibriados.
  7358 | D:8      | Found a staircase to the Lair.
  7397 | D:8      | Found a deep blue altar of Sif Muna.
  7401 | D:8      | Reached skill level 9 in Long Blades
  7411 | D:8      | Found a bloodstained altar of Trog.
  7453 | D:8      | Found a basalt altar of Yredelemnul.
  7455 | D:8      | Found Inkitej's Antique Weapon Boutique.
  7578 | D:8      | Found Udghu's Book Shoppe.
  7686 | D:8      | Noticed a two-headed ogre
  7697 | D:8      | Killed a two-headed ogre
  7907 | D:8      | Found Noulocof's Gadget Boutique.
  7942 | D:8      | Found Tualunih's Weapon Emporium.
  7949 | D:8      | Bought a +0 long sword of distortion for 128 gold pieces
  7983 | D:8      | Found Nutos's Armour Shop.
  8026 | D:8      | HP: 2/71 [centaur/+0 falchion of flaming (15)]
  8026 | D:8      | Slain by a centaur

Levels and vault maps discovered:
D:1:      evilmike_arrival_plus, layout_basic
D:2:      minmay_spotlight, layout_loops_cross
D:3:      layout_rooms, lemuel_round_altar, xom_teletrap_fun, first_ration
D:4:      layout_rooms, nicolae_dithmenos_through_a_glass_darkly
D:5:      layout_cave_pods
D:6:      layout_gridville, minmay_temple_entry_antechambers,
          dk_rats_in_the_wall
D:7:      layout_layer_cave, cheibriados_altar_1, the_bakery
D:8:      layout_layer_cave, kennysheep_mini_moat, lemuel_crystal_altar,
          lemuel_crystal_altar, lair_entry_dummy, serial_shops,
          nicolae_shop_temple_entry_statues_fountains, nicolae_shop_crystal,
          nicolae_shop_trees, nicolae_shop_window_shopping, shop
Temple:   eino_temple_scatter_basement

Skill      XL: |  1  2  3  4  5  6  7  8  9 |
---------------+----------------------------+-----
Throwing       | 2 |  2.0
Dodging        | 3 4 5 6 |  6.5
Long Blades    | 4 5 6 7 8 9 |  9.7
Fighting       | 3 4 5 6 7 |  7.4
Invocations    | 2 4 |  4.4

Action                   |  1- 3 |  4- 6 |  7- 9 || total
-------------------------+-------+-------+-------++-------
Melee: Long sword        |    91 |   123 |   322 ||   536
       Tailslap          |    16 |    32 |    42 ||    90
 Abil: Breathe Noxious F |       |       |     8 ||     8
  Use: Scroll            |       |     7 |    12 ||    19
       Potion            |       |     3 |       ||     3
 Stab: Sleeping          |     3 |       |     2 ||     5
       Confused          |       |       |     4 ||     4
       Distracted        |       |       |     1 ||     1
  Eat: Chunk             |     2 |     5 |     6 ||    13
       Ration            |       |     1 |     3 ||     4
Armor: Skin              |    27 |    47 |   107 ||   181
Dodge: Dodged            |    74 |    93 |   224 ||   391
       Rpst.: Long sword |    27 |    38 |    65 ||   130

Table legend:
 A = Non-vault XP
 B = Vault XP
 C = Vault XP percentage of total XP
 D = Non-vault monster count
 E = Vault monster count
 F = Vault count percentage of total count
                 A         B        C        D         E       F
            +---------+---------+-------+---------+---------+-------
      Total |    4350 |     350 |   7.4 |     149 |      29 |  16.3
            +---------+---------+-------+---------+---------+-------
        D:1 |      28 |       0 |   0.0 |      18 |       0 |   0.0
        D:2 |      32 |      43 |  57.3 |      16 |       7 |  30.4
        D:3 |     168 |       0 |   0.0 |      14 |       0 |   0.0
        D:4 |     215 |       0 |   0.0 |       9 |       0 |   0.0
        D:5 |     618 |       0 |   0.0 |      20 |       0 |   0.0
        D:6 |    1076 |      83 |   7.2 |      34 |      21 |  38.2
        D:7 |     615 |     224 |  26.7 |      18 |       1 |   5.3
        D:8 |    1598 |       0 |   0.0 |      20 |       0 |   0.0
            +---------+---------+-------+---------+---------+-------
